 Dungeon Crawl Stone Soup version 0.29-a0-490-g77b3608 (webtiles) character file.

Game seed: 7350425587810243109

841 Illumine the Slasher (level 7, -30/71 HPs)
             Began as a Troll Cinder Acolyte on May 26, 2022.
             Was a Priest of Ignis.
             Killed from afar by Ijyb (41 damage)
             ... with a bolt of acid
             ... on level 4 of the Dungeon.
             The game lasted 00:04:43 (3343 turns).

Illumine the Slasher (Troll Cinder Acolyte)         Turns: 3343, Time: 00:04:43

Health: -30/71     AC:  1    Str: 25    XL:     7   Next: 67%
Magic:  7/7        EV:  9    Int: 10    God:    Ignis [***...]
Gold:   340        SH:  0    Dex:  5    Spells: 8/8 levels left

rFire   + . .      SeeInvis .   a - -1 falchion (flame)
rCold   . . .      Faith    .   (no shield)
rNeg    . . .      Spirit   .   b - +0 robe
rPois   .          Reflect  .   w - +1 hat
rElec   .          Harm     .   (no cloak)
rCorr   .          Rampage  .   (gloves unavailable)
Will    .....                   (boots unavailable)
Stlth   +.........              (no amulet)
HPRegen 1.01/turn               (no ring)
MPRegen 0.10/turn               (no ring)

@: corroded
A: large, unfitting armour, claws 3, regeneration 1, shaggy fur 1, tough skin 1
a: Renounce Religion, Fiery Armour, Foxfire Swarm, Rising Flame


You were on level 4 of the Dungeon.
You worshipped Ignis.
Ignis was most pleased with you.
You visited 1 branch of the dungeon, and saw 6 of its levels.

You collected 340 gold pieces.

Inventory:

Hand Weapons
 a - a -1 falchion of flaming (weapon)
Armour
 b - a +0 robe (worn)
 t - the +1 robe of Proximity {rF++ rCorr Int-5 Dex-5}
   (You found it on level 4 of the Dungeon)

   Int:       It affects your intelligence (-5).
   Dex:       It affects your dexterity (-5).
   rF:        It greatly protects you from fire.
   rCorr:     It protects you from acid and corrosion.
 w - a +1 hat (worn)
Jewellery
 p - a ring of magical power
 s - a +6 ring of intelligence
Wands
 C - a wand of flame (53)
Scrolls
 e - 5 scrolls of identify {unknown}
 f - 4 scrolls of teleportation {unknown}
 g - a scroll of brand weapon {unknown}
 i - a scroll of enchant armour {unknown}
 j - 4 scrolls of poison {unknown}
 k - a scroll of acquirement {unknown}
 l - a scroll of summoning {unknown}
 o - a scroll of magic mapping {unknown}
 y - a scroll of fear {unknown}
 z - a scroll of blinking {unknown}
 A - a scroll of silence {unknown}
 B - a scroll of vulnerability {unknown}
 D - a scroll of noise {unknown}
Potions
 c - a potion of berserk rage {unknown}
 d - a potion of haste {unknown}
 h - 3 potions of curing {unknown}
 m - a potion of degeneration {unknown}
 n - a potion of brilliance {unknown}
 q - a potion of lignification {unknown}
 r - a potion of heal wounds {unknown}
 u - a potion of ambrosia {unknown}
 v - 2 potions of attraction {unknown}
 x - 3 potions of magic {unknown}


   Skills:
 + Level 4.7 Fighting
 * Level 6.4 Long Blades
 + Level 0.6 Dodging
 - Level 1.0 Spellcasting
 - Level 2.1 Fire Magic


You had 8 spell levels left.
You didn't know any spells.
Your spell library contained the following spells:

 Spells                   Type           Power      Damage    Failure   Level
 Scorch                   Fire           8%         2d5       22%         2
 Beastly Appendage        Tmut           0%         N/A       34%         1
 Magic Dart               Conj           0%         1d3       34%         1
 Call Imp                 Summ           0%         N/A       45%         2
 Wereblood                Tmut           0%         N/A       45%         2
 Conjure Flame            Conj/Fire      2%         6-21      54%         3
 Ignite Poison            Fire/Tmut/Pois 1%         N/A       61%         3
 Gell's Gravitas          Tloc           0%         N/A       71%         3
 Lesser Beckoning         Tloc           0%         N/A       71%         3
 Mephitic Cloud           Conj/Pois/Air  0%         N/A       71%         3
 Spider Form              Tmut/Pois      0%         N/A       71%         3
 Teleport Other           Tloc           0%         N/A       71%         3
 Sticky Flame             Conj/Fire      2%         2d3       91%         4
 Corpse Rot               Necr/Pois/Air  0%         N/A       98%         4
 Dispel Undead            Necr           0%         3d6       98%         4
 Death Channel            Necr           0%         N/A       100%        6


Dungeon Overview and Level Annotations

Branches:
Dungeon (6/15)
 Temple: D:4-7

Altars:
Qazlal
Sif Muna

Annotations:
D:4 Ijyb


Innate Abilities, Weirdness & Mutations

You are too large for most types of armour.
You have claws for hands.
Your natural rate of healing is unusually fast.
You are covered in fur. (AC +1)
You have tough skin. (AC +1)


Message History

Ijyb hits you but does no damage.
The foxfire hits Ijyb.
Ijyb is severely wounded.
You hit Ijyb. You burn Ijyb.
Ijyb is severely wounded.
The foxfire hits Ijyb but does no damage.
Ijyb is severely wounded.
The foxfire hits Ijyb but does no damage.
Ijyb is severely wounded.
An adder comes into view.
Ijyb hits you with a +0 dagger!
* * * LOW HITPOINT WARNING * * *
The foxfire hits Ijyb but does no damage.
Ijyb is severely wounded.
You closely miss Ijyb.
Ijyb is severely wounded.
The foxfire hits Ijyb but does no damage.
Ijyb is severely wounded.
The foxfire hits Ijyb.
Ijyb is severely wounded.
Ijyb barely misses you.
The foxfire hits Ijyb.
Ijyb is almost dead.
The foxfire hits the adder.
The adder is moderately wounded.
You closely miss Ijyb.
Ijyb is almost dead.
Ijyb zaps a wand.
The bolt of acid hits you!
* * * LOW HITPOINT WARNING * * *
The adder closely misses you.
Unknown command.
You closely miss Ijyb.
Ijyb is almost dead.
Ijyb hits you with a +0 dagger.
* * * LOW HITPOINT WARNING * * *
The adder barely misses you.
Unknown command.
You barely miss Ijyb.
Ijyb is almost dead.
Ijyb zaps a wand.
The bolt of acid hits you!!!
Ouch! That really hurt!
You die...

#[ ... ##..## .. .# ...
....#.#### .# . ...#.
#...........#..##.# .
.... ...
....#.........##. ...
..##.#..#.........#.##.#
.....<...........##....#
.......#.....#..@##..g#
.....##.# #.#.##Sg....#
....##.8.# #.8.##..#.##
...####.#.###.####.#<.#
#..#.# #.#.#.#.# #....#
#.#.♣.###.⌠.###.8.#...#
#..#.#.#.#.#.#.#.#....#
...####.#.###.####..###
#.#.##.8.## ⌠.# ..#


You could see Ijyb and an adder.

Vanquished Creatures
  A black bear (D:5)
  A lemure (D:4)
  A bullfrog (D:6)
  2 necrophages
  6 killer bees (D:5)
  A hound (D:5)
  A jelly (D:5)
  3 iguanas
  7 adders
  2 white imps (D:5)
  A worm (D:2)
  2 dart slugs
  6 orcs
  10 endoplasms
  A giant cockroach (D:2)
  9 goblins
  2 hobgoblins
  3 jackals (D:5)
  A quokka (D:1)
  5 ball pythons
  6 bats
  6 frilled lizards
  8 kobolds
  6 rats
91 creatures vanquished.

Vanquished Creatures (others)
  12 foxfires (D:4)
12 creatures vanquished.

Grand Total: 103 creatures vanquished

Notes
Turn   | Place    | Note
-------+----------+-------------------------------------------
     0 | D:1      | Illumine the Troll Cinder Acolyte began the quest for the
                  | Orb.
     0 | D:1      | Reached XP level 1. HP: 22/22 MP: 1/1
   100 | D:1      | Reached XP level 2. HP: 26/29 MP: 2/2
   398 | D:1      | Reached skill level 3 in Long Blades
   712 | D:2      | Reached XP level 3. HP: 20/36 MP: 3/3
  1124 | D:2      | Found a faded altar of an unknown god.
  1637 | D:3      | Reached XP level 4. HP: 45/45 MP: 4/4
  1991 | D:3      | Noticed a necrophage
  1992 | D:3      | Found a stormy altar of Qazlal.
  2022 | D:3      | Killed a necrophage
  2023 | D:3      | Reached skill level 4 in Long Blades
  2023 | D:3      | Reached XP level 5. HP: 32/53 MP: 5/5
  2112 | D:4      | Noticed Ijyb
  2158 | D:4      | Identified the +1 robe of Proximity {rF++ rCorr Int-5
                  | Dex-5}
  2191 | D:4      | Identified the +1 ring mail of the King of the Hill {Str+2
                  | Stlth+}
  2322 | D:4      | Noticed a lemure
  2341 | D:4      | Killed a lemure
  2342 | D:4      | Noticed a lemure
  2349 | D:5      | Entered Level 5 of the Dungeon
  2436 | D:5      | Noticed a black bear
  2443 | D:5      | Killed a black bear
  2444 | D:5      | Reached skill level 5 in Long Blades
  2444 | D:5      | Reached XP level 6. HP: 62/62 MP: 6/6
  2693 | D:5      | Reached XP level 7. HP: 53/70 MP: 7/7
  2699 | D:5      | Reached skill level 6 in Long Blades
  3265 | D:4      | Found a shimmering blue altar of Sif Muna.
  3343 | D:4      | Killed from afar by Ijyb

Illustrated notes

Levels and vault maps discovered:
D:1:      wander_arrival_fairy_ring, layout_basic
D:2:      layout_basic, hellmonk_ecumenical_altar_inner_sanctum,
          kennysheep_generic_room_8
D:3:      layout_rooms, nicolae_qazlal_scattered_showers, minivault_24
D:4:      layout_cave_pools, nicolae_sif_muna_condensation,
          grunt_decor_mini_mirrors, kennysheep_generic_room_6, uniq_pikel,
          uniq_ijyb
D:5:      layout_rooms, minmay_pentangle
D:6:      layout_rooms, minmay_temple_entry_enclosed_plants, minivault_11,
          uniq_edmund, uniq_blork_the_orc

Skill      XL: |  1  2  3  4  5  6  7 |
---------------+----------------------+-----
Long Blades    | 3 4 5 6 |  6.4
Fighting       | 3 4 |  4.7
Dodging        | |  0.6
Spellcasting   | |  1.0
Fire Magic     | |  2.1

Action                   |  1- 3 |  4- 6 |  7- 9 || total
-------------------------+-------+-------+-------++-------
Melee: Falchion          |   170 |   139 |    88 ||   397
       Punch             |     1 |     1 |     2 ||     4
Invok: Fiery Armour      |     1 |     4 |       ||     5
       Foxfire Swarm     |       |       |     1 ||     1
Armor: Robe              |    92 |    64 |    32 ||   188
Dodge: Dodged            |    86 |    82 |    42 ||   210

Table legend: (Time is in decaauts)
 A = Elapsed time spent in this place.
 B = Non-inter-level travel time spent in this place.
 C = Inter-level travel time spent in this place.
 D = Time resting spent in this place.
 E = Time spent auto-exploring this place.
 F = Levels seen in this place.
 G = Mean time per level.
                   A        B        C        D        E       F      G
               +--------+--------+--------+--------+--------+-----+--------+
         Total |   3377 |   3208 |    169 |    221 |   2124 |   6 |  562.8 |
       Dungeon |   3377 |   3208 |    169 |    221 |   2124 |   6 |  562.8 |
               +--------+--------+--------+--------+--------+-----+--------+

Top non-repeatable levels by time:
     D:2: 849 daAuts
     D:1: 715 daAuts
     D:5: 712 daAuts
     D:3: 593 daAuts
     D:4: 300 daAuts
     D:6: 206 daAuts
